 Dungeon Crawl Stone Soup version 0.31-a0-507-gbafd7f5274 (webtiles) character file.

Game seed: 2066964286522885059

198 javelincjr the Trooper (level 5, -2/42 HPs)
             Began as a Demonspawn Fighter on Aug 9, 2023.
             Killed from afar by an orc wizard (5 damage)
             ... with a puff of flame
             ... on level 4 of the Dungeon.
             The game lasted 00:06:52 (2446 turns).

javelincjr the Trooper (Demonspawn Fighter)         Turns: 2446, Time: 00:06:52

Health: -2/42      AC:  6    Str: 18    XL:     5   Next: 47%
Magic:  6/6        EV: 10    Int: 10    God:
Gold:   229        SH:  0    Dex: 12    Spells: 5/6 levels left

rFire   . . .        o - +2 short sword (elec)
rCold   . . .        (no shield)
rNeg    . . .        b - +0 scale mail
rPois   .            (no helmet)
rElec   .            (no cloak)
rCorr   +            (no gloves)
SInv    .            (no boots)
Will    .....        g - amulet of magic regeneration Stlth
                     i - ring of resist corrosion
HPRegen 0.27/turn    (no ring)
MPRegen 0.60/turn

%: no passive effects
@: mighty, on berserk cooldown, attractive, slowed, very slow
A: ignite blood 1, magic regeneration, demonic touch 1
a: no special abilities


You were on level 4 of the Dungeon.
You visited 1 branch of the dungeon, and saw 4 of its levels.

You collected 229 gold pieces.

Inventory:

Hand Weapons
 a - a +0 trident
 k - a +1 short sword of venom
 o - a +2 short sword of electrocution (weapon)
Missiles
 q - 3 boomerangs
Armour
 b - a +0 scale mail (worn)
 c - a +0 buckler
 r - a +0 tower shield
Jewellery
 g - an amulet of magic regeneration (around neck)
 i - a ring of resist corrosion (left hand)
Wands
 p - a wand of mindburst (11)
Scrolls
 f - 2 scrolls of teleportation
 n - a scroll of immolation {unknown}
 s - a scroll of amnesia {unknown}
Potions
 l - a potion of attraction


   Skills:
 + Level 3.8 Fighting
 + Level 2.7 Polearms
 + Level 3.3 Armour
 + Level 1.2 Dodging
 + Level 3.3 Shields
 + Level 1.1 Spellcasting
 + Level 1.3 Conjurations


You had 5 spell levels left.
You knew the following spells:

 Your Spells              Type           Power      Damage    Failure   Level
a - Magic Dart            Conj           12%        1d3       52%         1

Your spell library contained the following spells:

 Spells                   Type           Power      Damage    Failure   Level
 Searing Ray              Conj           6%         2d4       67%         2
 Fulminant Prism          Conj/Hex       0%         3d5       100%        4


Dungeon Overview and Level Annotations

Branches:
Dungeon (4/15)
 Temple: D:4-7

Altars:
Sif Muna

Portals:
Ossuary: D:4


Innate Abilities, Weirdness & Mutations

Your demonic aura sometimes causes spilled blood to erupt in flames.
You regenerate magic rapidly.
Your touch may inflict minor irresistible damage on your foes.


Message History

Things that are here:
a +0 hand axe; an orc corpse
Found a scroll labelled NYREIH ELUASO.
You feel a strong urge to attack something.
There is an open door here.
A magic dart appears from out of thin air!
The magic dart hits you.
* * * LOW HITPOINT WARNING * * *
You slam the door shut with a bang!
You feel your anger nearly subside.
You are no longer berserk.
You are exhausted.
You feel yourself slow down.
You hear a howl!
It was a potion of attraction.
You feel attractive to monsters.
It was a potion of magic.
Magic courses through your body.
You feel very mighty all of a sudden.
A howler monkey comes into view.
The howler monkey is attracted toward you.
As you read the scroll labelled PIFUGH YMMAXTA, it crumbles to dust.
It is a scroll of identify.
f - 2 scrolls of teleportation The howler monkey hoots and howls with incredible vigour!
You hear a shout! x3; You hear an angry hiss.
The howler monkey is attracted toward you.
You puncture the howler monkey!
The howler monkey is severely wounded.
The howler monkey is engulfed in blazing flames.
You kill the howler monkey!
Unknown command.
Blink to where?
Press: ? - help, Dir - move target
Found 19 gold pieces and a fizzy golden potion.
As you read the scroll labelled LOXAWNENUICO, it crumbles to dust.
It was a scroll of blinking.
A scorpion comes into view.
You hear some strange, mumbled words.
A puff of flame appears from out of thin air!
The puff of flame hits you.
You die...

#........ #......s#####
#....∩......#
##...........#
#.....).......
#............#
#........o...#
#######)######{.#
##..##..{###.##.@##
........o)+§°§...?..$.#
..........#...........#
##..#######..##..##...#
##..### #..##..# ...#
....... ......... ....
....... ......... .!.
........ #..##### .##
####.### #..#


You could see a scorpion (wandering) and an orc wizard.

Vanquished Creatures
  A howler monkey (D:4)
  A jelly (D:4)
  An orc priest (D:4)
  An orc wizard (D:4)
  An adder (D:2)
  A worm (D:2)
  2 dart slugs (D:2)
  5 orcs
  4 ball pythons
  5 bats
  7 endoplasms
  2 giant cockroaches (D:2)
  2 goblins
  2 hobgoblins
  3 quokkas
  7 frilled lizards
  6 kobolds
  5 rats
56 creatures vanquished.

Notes
Turn   | Place    | Note
-------+----------+-------------------------------------------
     0 | D:1      | javelincjr the Demonspawn Fighter began the quest for the
                  | Orb.
     0 | D:1      | Reached XP level 1. HP: 18/18 MP: 1/1
   163 | D:1      | Gained mutation: You regenerate magic rapidly. [demonic
                  | ancestry]
   163 | D:1      | Reached XP level 2. HP: 22/24 MP: 2/2
   848 | D:2      | Found a faded altar of an unknown god.
   955 | D:2      | Learned a level 1 spell: Magic Dart
   959 | D:2      | Gained mutation: Your touch may inflict minor irresistible
                  | damage on your foes. [demonic ancestry]
   959 | D:2      | Reached XP level 3. HP: 29/29 MP: 3/3
  1809 | D:3      | Found a shimmering blue altar of Sif Muna.
  2117 | D:3      | Reached XP level 4. HP: 34/35 MP: 4/4
  2415 | D:4      | Found a sand-covered staircase.
  2427 | D:4      | Reached skill level 1 in Dodging
  2427 | D:4      | Reached skill level 1 in Conjurations
  2436 | D:4      | Reached skill level 1 in Spellcasting
  2436 | D:4      | Gained mutation: Your demonic aura sometimes causes spilled
                  | blood to erupt in flames. [demonic ancestry]
  2436 | D:4      | Reached XP level 5. HP: 8/42 MP: 6/6
  2437 | D:4      | HP: 3/63 [orc wizard/magic dart (2)]
  2439 | D:4      | HP: 1/63 [something/magic dart (2)]
  2446 | D:4      | Killed from afar by an orc wizard

Illustrated notes

Levels and vault maps discovered:
D:1:      dpeg_arrival_rhombi, layout_loops_ring
D:2:      layout_loops_corners, shapermc_ecumenical_altar_ellora
D:3:      layout_loops_ring, mainiacjoe_overflow_chevrons
D:4:      layout_gridville, gammafunk_temple_overflow_elements,
          lemuel_doored_altar, enter_ossuary_1, supply_closet_lemuel

Skill      XL: |  1  2  3  4 |
---------------+-------------+-----
Polearms       | 2 |  2.7
Armour         | 3 |  3.3
Shields        | 3 |  3.3
Dodging        | 1 |  1.2
Conjurations   | 1 |  1.3
Spellcasting   | 1 |  1.1
Fighting       | |  3.8

Action                     |  1- 3 |  4- 6 || total
---------------------------+-------+-------++-------
  Melee: Trident           |    88 |       ||    88
         Short sword       |    43 |    19 ||    62
         Touch             |    11 |     2 ||    13
    Use: Potion            |       |     4 ||     4
         Scroll            |       |     2 ||     2
 Armour: Scale mail        |    53 |    13 ||    66
  Dodge: Dodged            |    42 |     8 ||    50
  Block: Buckler           |     9 |       ||     9

Table legend: (Time is in decaauts)
 A = Elapsed time spent in this place.
 B = Non-inter-level travel time spent in this place.
 C = Inter-level travel time spent in this place.
 D = Time resting spent in this place.
 E = Time spent auto-exploring this place.
 F = Levels seen in this place.
 G = Mean time per level.
                   A        B        C        D        E       F      G
               +--------+--------+--------+--------+--------+-----+--------+
         Total |   2465 |   2384 |     81 |    158 |   1827 |   4 |  616.2 |
       Dungeon |   2465 |   2384 |     81 |    158 |   1827 |   4 |  616.2 |
               +--------+--------+--------+--------+--------+-----+--------+

Top non-repeatable levels by time:
     D:2: 1097 daAuts
     D:3: 666 daAuts
     D:1: 654 daAuts
     D:4: 47 daAuts
